 Dungeon Crawl Stone Soup version 0.16-a0-3272-g378764d (webtiles) character file.

11650 Pietere the Imperceptible (level 11, -18/63 HPs)
             Began as a Spriggan Assassin on May 31, 2015.
             Was a High Priest of Wulndraste.
             Killed from afar by Frances (21 damage)
             ... with a shard of ice
             ... on level 1 of the Spider Nest.
             The game lasted 00:46:31 (10229 turns).

Pietere the Imperceptible (Spriggan Assassin)      Turns: 10229, Time: 00:46:33

Health: -18/63     AC:  9    Str:  7    XL:     11   Next: 52%
Magic:  31/33      EV: 26    Int: 13    God:    Wulndraste [*****.]
Gold:   837        SH:  8    Dex: 21    Spells: 0 memorised, 10 levels left

rFire  . . .     SeeInvis +     j - +7 short sword (venom)
rCold  . . .     Clarity  .     c - +1 robe
rNeg   + . .     SustAb   .     X - +2 buckler {AC+3}
rPois  .         Gourm    .     (helmet restricted)
rElec  .         Spirit   .     w - +2 cloak {MR+} (curse)
rCorr  .         Warding  .     (gloves unavailable)
rMut   .         Stasis   .     (boots unavailable)
MR     ++...                    (no amulet)
Stlth  ++++++++++               F - ring of stealth
                                A - ring of positive energy

@: lethally poisoned, very quick, very resistant to hostile enchantments,
uncannily stealthy
A: unfitting armour, see invisible, herbivore 3, speed 3, slow metabolism 2
a: Blend In, Change of Scenery, Renounce Religion


You were on level 1 of the Spider Nest.
You worshipped Wulndraste.
Wulndraste was extremely pleased with you.
You were not hungry.

You visited 3 branches of the dungeon, and saw 14 of its levels.
You also visited: Sewer.

You collected 837 gold pieces.

Inventory:

Hand weapons
 a - a +2 dagger
 b - a +0 blowgun
 j - a +7 short sword of venom (weapon)
 p - a +1 dagger of protection
 G - the +4 spear "Dragon's Nightmare" {distort, rElec rN+, unknown}
   (You found it on level 4 of the Dungeon)

   It warps and distorts space around it.
   Unwielding it can cause banishment or high damage.
   It insulates you from electricity.
   It protects you from negative energy.
Missiles
 e - 64 poisoned needles
 f - 2 curare-tipped needles
Armour
 c - a +1 robe (worn)
 d - a +0 cloak
 w - a cursed +2 cloak of magic resistance (worn)
 X - a +2 buckler of protection (worn)
Jewellery
 A - a ring of positive energy (left hand)
 C - a +4 ring of intelligence
 F - a ring of stealth (right hand)
 K - a cursed ring of wizardry
Magical devices
 y - a wand of slowing (11)
 M - a wand of lightning (10)
 Q - a wand of disintegration (10)
 R - a wand of enslavement (17)
 U - a wand of lightning (7)
 Y - a wand of draining (7)
Scrolls
 l - 2 scrolls of teleportation
 t - 3 scrolls of blinking {unknown}
 u - 7 scrolls of remove curse
 x - a scroll of summoning {unknown}
 B - 4 scrolls of fear
 E - 3 scrolls of enchant armour
 H - a scroll of amnesia {unknown}
 I - 3 scrolls of random uselessness {unknown}
 J - a scroll of recharging
 N - a scroll of brand weapon {unknown}
 P - a scroll of holy word {unknown}
 S - 2 scrolls of noise {unknown}
Potions
 h - a potion of cure mutation
 i - 3 potions of haste
 k - 11 potions of curing
 m - a potion of ambrosia
 n - 4 potions of agility
 q - 2 potions of brilliance
 r - a potion of invisibility {unknown}
 s - 3 potions of flight
 v - 8 potions of heal wounds
 z - 2 potions of magic
 D - a potion of cancellation
 L - a potion of might {unknown}
 T - a potion of restore abilities {unknown}
 V - 2 potions of poison {unknown}
 Z - a potion of lignification {unknown}
Books
 W - a book of Transfigurations

   Spells                             Type                      Level
   a - Stoneskin                      Transmutation/Earth          2
   b - Irradiate                      Conjuration/Transmutation    5
   c - Statue Form                    Transmutation/Earth          6
   d - Hydra Form                     Transmutation                6
   e - Dragon Form                    Transmutation                7
Comestibles
 g - 12 bread rations
 o - 3 fruits
 O - a slice of pizza


   Skills:
 - Level 1.5 Fighting
 + Level 5.3 Short Blades
 - Level 2.1 Throwing
 + Level 8.9 Dodging
 * Level 21.5 Stealth
 + Level 1.0 Shields
 * Level 6.6 Invocations


You had 10 spell levels left.
You didn't know any spells.

Dungeon Overview and Level Annotations

Branches:
Dungeon (10/15)            Temple (0/1) D:4            Lair (3/8) D:10
 Spider (1/5) Lair:3          Orc (0/4) D:9
  Swamp: Lair:3-6    Shoals: Lair:3-6

Altars:
Ashenzari
Cheibriados
Elyvilon
Gozag
Kikubaaqudgha
Makhleb
Nemelex Xobeh
Okawaru
Qazlal
Ru
Sif Muna
Trog
Vehumet Wulndraste
Xom
Yredelemnul
Zin

Annotations:
Spider:1 Frances


Innate Abilities, Weirdness & Mutations

You are tiny and cannot use many weapons and most armour.
You have supernaturally acute eyesight.
You are a herbivore.
You cover ground extremely quickly.
You need consume almost no food.


Message History

You feel sick. The wolf spider completely misses you.
The wolf spider closely misses you. Frances hits you with a war axe.
* * * LOW HITPOINT WARNING * * *
* * * LOW HITPOINT WARNING * * *
You feel sick.
You kill the wolf spider!
Your Shields skill increases to level 1!
* * * LOW HITPOINT WARNING * * *
You feel sick.
Frances mutters in a terrible tongue.
The shard of ice misses you.
* * * LOW HITPOINT WARNING * * *
You feel sick. Frances completely misses you.
You hit Frances.
Frances is lightly wounded.
* * * LOW HITPOINT WARNING * * *
You feel sick.
Frances chants phrases taken from a devil's mouth.
The shard of ice hits you!
You die...

#<................
#..................
##†................
#....................
##..............(.....
##...##.............(
#####...............
#............s.s.
##....@..........s
##..†.@.$..........
#..#.s4...........
####.............
#............
#...........
...........
#.#........ ###.......


You could see Frances, a trapdoor spider (confused), a blue devil and a spider
(sleeping).

Vanquished Creatures
  A hydra (Lair:2)
  Nergalle (D:10)
  Pikel (D:6)
  A wolf spider (Spider:1)
  3 spiny frogs
  A jumping spider (Spider:1)
  Grinder (D:5)
  4 blink frogs (Lair:3)
  15 yaks
  2 redbacks (Spider:1)
  A wyvern (D:10)
  A hippogriff (D:8)
  A deep elf fighter (D:9)
  4 orc warriors (D:9)
  3 water moccasins
  An ice beast (D:9)
  A necrophage (D:9)
  A porcupine (Lair:1)
  2 black bears (D:6)
  2 centaurs
  4 slaves (D:6)
  A yellow wasp (D:8)
  A spider (Spider:1)
  An eye of draining (D:10)
  A phantom (D:7)
  2 sky beasts
  3 big kobolds
  5 ogres
  A gnoll sergeant (D:8)
  9 giant frogs
  3 crocodiles
  A wyvern zombie (D:6)
  5 scorpions
  2 hounds
  A quasit (D:9)
  4 crimson imps
  3 giant frog skeletons
  An orc wizard (D:9)
  2 orc priests
  3 iguanas
  3 worker ants
  2 mummies
  5 river rats (Lair:1)
  7 gnolls
  4 giant mites
  15 adders
  4 worms (D:3)
  3 shadow imps
  An adder skeleton (D:4)
  An ooze (D:4)
  5 giant geckos
  14 orcs
  5 ball pythons
  2 bat skeletons
  8 giant cockroaches
  19 hobgoblins
  23 jackals
  5 quokkas
  13 bats
  A giant gecko skeleton (D:4)
  3 giant newts
  18 goblins
  A jackal skeleton (D:6)
  30 kobolds
  2 quokka skeletons
  25 rats
319 creatures vanquished.

Vanquished Creatures (others)
  A worker ant (D:9)
1 creature vanquished.

Grand Total: 320 creatures vanquished

Notes
Turn   | Place    | Note
--------------------------------------------------------------
     0 | D:1      | Pietere, the Spriggan Assassin, began the quest for the Orb.
     0 | D:1      | Reached XP level 1. HP: 10/10 MP: 2/2
    18 | D:1      | Reached skill level 6 in Stealth
    60 | D:1      | Found a shimmering altar of Xom.
   213 | D:1      | Reached XP level 2. HP: 14/14 MP: 4/4
   310 | D:1      | Reached skill level 7 in Stealth
   410 | D:1      | Reached XP level 3. HP: 18/18 MP: 6/6
   798 | D:2      | Reached skill level 8 in Stealth
  1090 | D:2      | Found a flag-altar of Wulndraste.
  1109 | D:2      | Became a worshipper of Wulndraste the Wayfarer
  1431 | D:3      | Reached XP level 4. HP: 22/22 MP: 8/8
  1623 | D:3      | Reached skill level 9 in Stealth
  1755 | D:3      | Found a glowing drain.
  1779 | Sewer    | Entered a sewer
  1867 | Sewer    | Reached XP level 5. HP: 19/25 MP: 10/10
  2272 | Sewer    | Noticed a big kobold
  2367 | Sewer    | Killed a big kobold
  2367 | Sewer    | Reached skill level 10 in Stealth
  2367 | Sewer    | Reached skill level 1 in Invocations
  2612 | D:3      | Found a snail-covered altar of Cheibriados.
  2687 | D:3      | Noticed a big kobold
  2700 | D:3      | Killed a big kobold
  2700 | D:3      | Reached skill level 11 in Stealth
  2700 | D:3      | Reached XP level 6. HP: 18/30 MP: 13/13
  2865 | D:3      | Acquired Wulndraste's first power
  3073 | D:4      | Noticed a moth of wrath
  3155 | D:4      | Found a staircase to the Ecumenical Temple.
  3253 | D:4      | Reached skill level 12 in Stealth
  3343 | D:4      | Reached XP level 7. HP: 27/36 MP: 16/16
  3653 | D:4      | Found a bloodstained altar of Trog.
  3697 | D:4      | Got a scorched spear
  3726 | D:5      | Entered Level 5 of the Dungeon
  3814 | D:5      | Reached skill level 13 in Stealth
  3837 | D:5      | Found a shattered altar of Ashenzari.
  3975 | D:5      | Found a sacrificial altar of Ru.
  4090 | D:5      | Found an opulent altar of Gozag.
  4138 | D:5      | Noticed Grinder
  4174 | D:5      | Killed Grinder
  4174 | D:5      | Reached skill level 14 in Stealth
  4174 | D:5      | Reached XP level 8. HP: 22/40 MP: 19/19
  4277 | D:5      | Found a deep blue altar of Sif Muna.
  4632 | D:6      | Acquired Wulndraste's second power
  4656 | D:6      | Reached skill level 15 in Stealth
  4844 | D:6      | Found an iron altar of Okawaru.
  4980 | D:6      | Found a burning altar of Makhleb.
  5016 | D:6      | Reached skill level 16 in Stealth
  5462 | D:6      | Noticed Pikel
  5532 | D:6      | Killed Pikel
  5532 | D:6      | Reached skill level 17 in Stealth
  5532 | D:6      | Reached XP level 9. HP: 45/45 MP: 19/23
  5750 | D:6      | Found a glowing silver altar of Zin.
  5751 | D:6      | Found a radiant altar of Vehumet.
  5751 | D:6      | Found a white marble altar of Elyvilon.
  5752 | D:6      | Found an iron altar of Okawaru.
  5847 | D:7      | Found an ancient bone altar of Kikubaaqudgha.
  6570 | D:8      | Reached skill level 18 in Stealth
  6822 | D:8      | Acquired Wulndraste's third power
  6924 | D:8      | Found a stormy altar of Qazlal.
  7320 | D:8      | Gained mutation: You are robust (+10% HP). [potion of mutation]
  7320 | D:8      | Gained mutation: Your spells are a little easier to cast, but a little less powerful. [potion of mutation]
  7322 | D:8      | Lost mutation: You are robust (+10% HP). [potion of mutation]
  7322 | D:8      | Gained mutation: Your mind is acute. (Int +2) [potion of mutation]
  7322 | D:8      | Gained mutation: You are clumsy. (Dex -2) [potion of mutation]
  7323 | D:8      | Lost mutation: Your spells are a little easier to cast, but a little less powerful. [potion of cure mutation]
  7323 | D:8      | Lost mutation: Your mind is acute. (Int +2) [potion of cure mutation]
  7323 | D:8      | Lost mutation: You are clumsy. (Dex -2) [potion of cure mutation]
  7457 | D:9      | Reached skill level 19 in Stealth
  7665 | D:9      | Found a staircase to the Orcish Mines.
  7734 | D:9      | Reached XP level 10. HP: 51/55 MP: 27/27
  7771 | D:9      | Found a sparkling altar of Nemelex Xobeh.
  8311 | D:9      | Reached skill level 5 in Dodging
  8577 | D:9      | Reached skill level 5 in Invocations
  8589 | D:9      | Found a basalt altar of Yredelemnul.
  8611 | D:10     | Entered Level 10 of the Dungeon
  8625 | D:10     | Found a staircase to the Lair.
  8631 | D:10     | Noticed Nergalle
  8640 | D:10     | Killed Nergalle
  8649 | D:10     | Reached skill level 20 in Stealth
  8699 | D:10     | Acquired Wulndraste's fourth power
  8918 | Lair:1   | Entered Level 1 of the Lair of Beasts
  9309 | Lair:1   | Noticed a seven-headed hydra
  9409 | Lair:2   | Reached XP level 11. HP: 58/58 MP: 30/30
  9449 | Lair:2   | Noticed an elephant
  9452 | Lair:2   | Noticed an elephant
  9453 | Lair:2   | Noticed an elephant
  9453 | Lair:2   | Noticed an elephant
  9561 | Lair:2   | Noticed an eight-headed hydra
  9574 | Lair:2   | Killed an eight-headed hydra
  9653 | Lair:2   | Noticed an elephant
  9654 | Lair:2   | Noticed an elephant
  9739 | Lair:3   | Acquired Wulndraste's fifth power
  9871 | Lair:3   | Reached skill level 21 in Stealth
  9925 | Lair:3   | Reached skill level 5 in Short Blades
 10049 | Lair:3   | Found a hole to the Spider Nest.
 10176 | Spider:1 | Entered Level 1 of the Spider Nest
 10213 | Spider:1 | Noticed Frances
 10226 | Spider:1 | Reached skill level 1 in Shields
 10229 | Spider:1 | HP: 3/63 [poisoned by a trapdoor spider]
 10229 | Spider:1 | Killed from afar by Frances

Action                   |  1- 3 |  4- 6 |  7- 9 | 10-12 || total
-------------------------+-------+-------+-------+-------++-------
Melee: Dagger            |    14 |       |       |       ||    14
       Short sword       |    88 |   191 |   333 |   282 ||   894
Invok: Blend In          |       |       |       |     1 ||     1
  Use: Scroll            |     2 |     7 |    12 |     4 ||    25
       Potion            |       |       |     4 |       ||     4
 Stab: Sleeping          |    15 |    19 |    55 |    24 ||   113
       Distracted        |       |       |     1 |     5 ||     6
  Eat: Pizza             |       |       |     1 |       ||     1
       Bread ration      |       |       |     1 |       ||     1
